 Dungeon Crawl Stone Soup version 0.17-a0-1701-gf693a3f (webtiles) character file.

25886 hexophile the Impaler (level 12, -6/115 HPs)
             Began as a Minotaur Berserker on Aug 22, 2015.
             Was a High Priest of Trog.
             Mangled by a porcupine (9 damage)
             ... on level 4 of the Lair of Beasts.
             The game lasted 00:34:54 (15057 turns).

hexophile the Impaler (Minotaur Berserker)         Turns: 15057, Time: 00:34:54

Health: -6/115     AC: 18    Str: 25    XL:     12   Next: 93%
Magic:  13/13      EV: 16    Int:  4    God:    Trog [*****.]
Gold:   890        SH:  0    Dex: 13    Spells: 0 memorised, 11 levels left

rFire  + . .     SeeInvis .     s - +4 trident of Zyjix {elec, rPois Str+2}
rCold  + + .     Clarity  .     G - +0 ring mail of Nobility {rElec rC+ rCorr Stlth-}
rNeg   . . .     SustAt   .     (no shield)
rPois  +         Gourm    .     (helmet restricted)
rElec  +         Spirit   .     k - +1 cloak {rPois}
rCorr  +         Warding  .     (no gloves)
rMut   .         Stasis   .     I - +0 pair of boots
MR     .....                    (no amulet)
Stlth  ..........               q - ring of protection from fire
                                A - ring of protection from cold

@: not resistant to hostile enchantments, extremely unstealthy
A: retaliatory headbutt, horns 2, talons 1, rough black scales 1, rugged brown
scales 1, thin metallic scales 1, breathe flames 1, poison resistance
a: Burn Spellbooks, Berserk, Trog's Hand, Brothers in Arms, Renounce Religion,
Breathe Fire


You were on level 4 of the Lair of Beasts.
You worshipped Trog.
Trog was extremely pleased with you.
You were very hungry.

You visited 2 branches of the dungeon, and saw 15 of its levels.
You also visited: Ossuary and Ice Cave.

You collected 890 gold pieces.

Inventory:

Hand weapons
 s - the +4 trident of Zyjix (weapon) {elec, rPois Str+2}
   (You found it on level 9 of the Dungeon)

   Occasionally, upon striking a foe, it will discharge some electrical energy
   and cause terrible harm.
   It affects your strength (+2).
   It protects you from poison.
 x - a +3 antimagic bardiche
Missiles
 n - 246 stones (quivered)
Armour
 k - a +1 cloak of poison resistance (worn)
 l - a +0 ring mail of poison resistance
 o - a +1 plate armour
 G - the +0 ring mail of Nobility (worn) {rElec rC+ rCorr Stlth-}
   (You found it on level 7 of the Dungeon)

   It protects you from cold.
   It insulates you from electricity.
   It protects you from acid and corrosion.
   It makes you less stealthy.
 I - a +0 pair of boots (worn)
 M - a +2 chain mail of magic resistance
 U - a +0 pair of gloves
Jewellery
 q - a ring of protection from fire (right hand)
 A - a ring of protection from cold (left hand)
 C - an uncursed ring of protection from fire
Magical devices
 b - a wand of disintegration (16)
 r - a wand of flame (28)
 t - a wand of slowing (21)
 z - a wand of magic darts (17)
 B - a wand of draining (15)
 K - a wand of disintegration (9)
 L - a wand of frost (32)
 N - a wand of paralysis (13)
 S - a wand of disintegration (9)
Scrolls
 d - 12 scrolls of identify
 e - 2 scrolls of blinking
 f - 8 scrolls of teleportation
 h - 9 scrolls of remove curse
 j - 4 scrolls of noise
 m - a scroll of recharging
 p - 3 scrolls of fog
 y - a scroll of fear
 R - 3 scrolls of magic mapping
Potions
 a - a potion of magic {unknown}
 g - 3 potions of haste
 i - 9 potions of curing
 v - a potion of heal wounds
 w - 3 potions of flight
 E - 3 potions of berserk rage
 H - 2 potions of brilliance
 J - a potion of agility
 O - a potion of cure mutation {!q!q}
 Q - 2 potions of lignification
Books
 D - a book of Air

   Spells                             Type                      Level
   a - Shock                          Conjuration/Air              1
   b - Swiftness                      Charms/Air                   2
   c - Repel Missiles                 Charms/Air                   2
   d - Static Discharge               Conjuration/Air              3
   e - Lightning Bolt                 Conjuration/Air              5
   Trog disapproves of the use of such an item.
 T - a book of the Sky

   Spells                             Type                      Level
   a - Summon Lightning Spire         Summoning/Air                4
   b - Airstrike                      Air                          4
   c - Silence                        Hexes/Air                    5
   d - Deflect Missiles               Charms/Air                   6
   e - Conjure Ball Lightning         Conjuration/Air              6
   f - Tornado                        Air                          9
   Trog disapproves of the use of such an item.
Comestibles
 c - 2 bread rations
 u - 29 fruits
 F - 5 meat rations
 P - 2 beef jerkies


   Skills:
 * Level 11.9 Fighting
 - Level 17.0 Polearms
 * Level 11.7 Armour
 * Level 9.3 Dodging
 + Level 2.7 Evocations


You had 11 spell levels left.
You didn't know any spells.

Dungeon Overview and Level Annotations

Branches:
Dungeon (11/15)            Temple (0/1) D:4            Lair (4/8) D:11
 Spider (0/4) Lair:3
  Swamp: Lair:3-6    Shoals: Lair:3-6       Orc: D:9-12

Altars:
Cheibriados
Fedhas
Gozag
Qazlal
Ru
Zin
The Shining One

Shops:
D:7 :

Annotations:
Lair:4 Ajdolov's ghost, powerful OgBe


Innate Abilities, Weirdness & Mutations

You reflexively headbutt those who attack you in melee.
You have a pair of horns on your head.
You have sharp toenails.
You are partially covered in rough black scales (AC +4, Dex -1).
You are partially covered in rugged brown scales (AC +1, +3% HP).
You are partially covered in thin metallic scales (AC +2).
You can breathe flames.
Your system is resistant to poisons.


Message History

The porcupine misses you.
You barely miss Ajdolov's ghost.
Ajdolov's ghost is moderately damaged.
Ajdolov's ghost hits you!!
You barely miss Ajdolov's ghost. Your headbutt misses Ajdolov's ghost.
Ajdolov's ghost is moderately damaged.
The porcupine completely misses you. Ajdolov's ghost hits you.
* * * LOW HITPOINT WARNING * * *
x2 You puncture Ajdolov's ghost!
There is a sudden explosion of sparks!
You headbutt Ajdolov's ghost.
Ajdolov's ghost is heavily damaged.
The porcupine bites you but does no damage.
You are too injured to fight recklessly!
You are feeling very hungry.
You puncture Ajdolov's ghost! You headbutt Ajdolov's ghost.
Ajdolov's ghost is severely damaged.
Ajdolov's ghost hits you!!
* * * LOW HITPOINT WARNING * * *
x2 The porcupine bites you!
You die...

## #..# ###
...##.######..#
.......#..#..##
........##..#
....#..###.##
#.....##...# ##
#..#.......#
#...#...P..#.#.#
#...W@.†..#####
##..r.....#
........##..#
..#P...#.#.....
. ##... #..#....
#.P. #..#...#
....$ ... ...#
##... ###.....


You could see a porcupine and Ajdolov's ghost.

Vanquished Creatures
  Erolcha (D:8)
  2 hydras (Lair:2)
  Erica (D:8)
  The ghost of Pikaro the Devastator, a powerful DrVM of Yredelemnul (D:11)
  The ghost of Alipheese the Cleaver, an experienced NaFi of Cheibriados (D:8)
  The ghost of Ajdolov the Carver, an experienced FoFi of Xom (D:6)
  An ice devil (IceCv)
  A necromancer (IceCv)
  3 ice statues (IceCv)
  A hill giant (D:10)
  A wolf spider (Lair:3)
  Maurice (D:8)
  An elephant (D:11)
  A spiny frog (Lair:4)
  A centaur zombie (D:11)
  Psyche (D:10)
  A gargoyle (D:10)
  A black mamba (Lair:3)
  3 komodo dragons
  4 blink frogs
  5 blue devils (IceCv)
  A two-headed ogre (D:8)
  2 deep elf magi
  Eustachio (D:6)
  5 hippogriffs
  20 yaks
  A steam dragon (D:10)
  Menkaure (D:6)
  A mottled dragon (shapeshifter) (D:9)
  9 water moccasins
  A black bear (Lair:3)
  5 ogres
  2 porcupines
  10 ice beasts
  2 phantoms
  4 sky beasts
  An eye of draining (D:11)
  A wasp (D:9)
  5 centaurs
  2 orc warriors
  7 crocodiles
  2 big kobolds
  Blork the orc (D:6)
  3 elf zombies (Ossuary)
  9 giant frogs
  7 scorpions
  A water moccasin skeleton (D:7)
  4 killer bees
  3 draconian simulacra (IceCv)
  4 crimson imps
  2 giant frog zombies
  A giant frog skeleton (D:10)
  4 orc priests
  3 centaur skeletons
  6 iguanas
  9 worker ants
  7 hounds
  Natasha (D:2)
  8 orc wizards
  A troll simulacrum (IceCv)
  2 killer bee zombies
  3 hell rats (D:7)
  8 sheep (Lair:3)
  3 big kobold zombies (Ossuary)
  A spriggan simulacrum (IceCv)
  A centaur simulacrum (IceCv)
  A hound zombie (Ossuary)
  3 mummies (Ossuary)
  A worker ant zombie (D:3)
  8 gnolls
  30 river rats
  7 adders
  3 naga simulacra (IceCv)
  An ogre simulacrum (IceCv)
  4 shadow imps
  An adder skeleton (D:4)
  4 adder zombies
  An ooze (D:2)
  2 worms
  27 orcs
  7 ball pythons
  7 goblins
  6 hobgoblins
  17 jackals
  16 kobolds
  6 quokkas
  6 bats
  5 giant cockroaches
  5 giant geckos
  5 giant newts
  A gnoll zombie (Ossuary)
  6 goblin zombies (Ossuary)
  3 hobgoblin zombies (Ossuary)
  4 jackal zombies (Ossuary)
  2 kobold zombies (Ossuary)
  An orc zombie (Ossuary)
  6 quokka zombies (Ossuary)
  31 rats
  2 rat zombies (Ossuary)
437 creatures vanquished.

Vanquished Creatures (others)
  Natasha (D:2)
1 creature vanquished.

Grand Total: 438 creatures vanquished

Notes
Turn   | Place    | Note
--------------------------------------------------------------
     0 | D:1      | hexophile the Minotaur Berserker began the quest for the Orb.
     0 | D:1      | Reached XP level 1. HP: 19/19 MP: 0/0
    41 | D:1      | Reached skill level 4 in Polearms
    70 | D:1      | Reached XP level 2. HP: 24/26 MP: 1/1
   216 | D:1      | Acquired Trog's second power
   287 | D:1      | Reached skill level 5 in Polearms
   525 | D:2      | Reached XP level 3. HP: 20/31 MP: 2/2
   930 | D:2      | Noticed Natasha
   938 | D:2      | Killed Natasha
   938 | D:2      | Reached skill level 6 in Polearms
   938 | D:2      | Reached XP level 4. HP: 39/39 MP: 3/3
  1006 | D:2      | Found an opulent altar of Gozag.
  1184 | D:2      | Noticed Natasha
  1199 | D:2      | HP: 3/58 [white imp/puff of frost[Natasha] (13)]
  1199 | D:2      | Killed Natasha
  2562 | D:4      | Found a glowing golden altar of the Shining One.
  2593 | D:4      | Reached XP level 5. HP: 40/45 MP: 4/4
  2604 | D:4      | Reached skill level 7 in Polearms
  3076 | D:4      | Found a staircase to the Ecumenical Temple.
  3412 | D:5      | Entered Level 5 of the Dungeon
  3460 | D:4      | Reached skill level 8 in Polearms
  3500 | D:5      | Reached XP level 6. HP: 51/51 MP: 5/5
  3703 | D:5      | Found a stormy altar of Qazlal.
  3812 | D:5      | Found a blossoming altar of Fedhas.
  3819 | D:5      | Reached skill level 9 in Polearms
  4118 | D:5      | Noticed a phantom
  4145 | D:5      | Killed a phantom
  4145 | D:5      | Reached XP level 7. HP: 44/57 MP: 6/6
  4578 | D:5      | Reached skill level 10 in Polearms
  5041 | D:6      | Noticed Menkaure
  5043 | D:6      | Noticed Eustachio
  5053 | D:5      | HP: 3/57 [orc/whip (3)]
  5058 | D:5      | HP: 2/57 [poisoned by a centaur]
  5303 | D:6      | Reached skill level 11 in Polearms
  5308 | D:6      | Killed Menkaure
  5308 | D:6      | Reached XP level 8. HP: 64/64 MP: 7/7
  5620 | D:5      | Acquired Trog's third power
  5778 | D:6      | Killed Eustachio
  5778 | D:6      | Reached skill level 12 in Polearms
  5866 | D:6      | Noticed Ajdolov's ghost (experienced FoFi)
  5879 | D:6      | Killed Ajdolov's ghost
  5879 | D:6      | Reached skill level 13 in Polearms
  5964 | D:6      | Reached XP level 9. HP: 62/70 MP: 8/8
  5982 | D:6      | Noticed Blork the orc
  5989 | D:6      | Killed Blork the orc
  6082 | D:6      | Reached skill level 14 in Polearms
  6090 | D:6      | Gained mutation: You are weak. (Str -2) [mutagenic meat]
  6091 | D:6      | Gained mutation: You are partially covered in thin metallic scales (AC +2). [mutagenic meat]
  6093 | D:6      | Gained mutation: You passively map a small area around you. [mutagenic meat]
  6110 | D:6      | Found a snail-covered altar of Cheibriados.
  6632 | D:6      | Found a sacrificial altar of Ru.
  6632 | D:6      | Found a glowing silver altar of Zin.
  6879 | D:7      | Found Jiddick's Book Shoppe.
  7088 | D:7      | Lost mutation: You are weak. (Str -2) [mutagenic meat]
  7089 | D:7      | Gained mutation: You possess an exceptional clarity of mind. [mutagenic meat]
  7090 | D:7      | Gained mutation: Your body sometimes deteriorates upon taking damage. [mutagenic meat]
  7091 | D:7      | Gained mutation: You have a pair of large horns on your head. [mutagenic meat]
  7159 | D:7      | Reached skill level 15 in Polearms
  7933 | D:8      | Found a sand-covered staircase.
  7939 | Ossuary  | Entered an ossuary
  8104 | Ossuary  | Noticed a mummy
  8106 | Ossuary  | Killed a mummy
  8120 | Ossuary  | Noticed a mummy
  8122 | Ossuary  | Killed a mummy
  8204 | Ossuary  | Noticed a mummy
  8207 | Ossuary  | Killed a mummy
  8217 | Ossuary  | Lost mutation: Your body sometimes deteriorates upon taking damage. [potion of cure mutation]
  8217 | Ossuary  | Lost mutation: You have a pair of large horns on your head. [potion of cure mutation]
  8217 | Ossuary  | Lost mutation: You possess an exceptional clarity of mind. [potion of cure mutation]
  8217 | Ossuary  | Lost mutation: You passively map a small area around you. [potion of cure mutation]
  8299 | D:8      | Reached skill level 5 in Fighting
  8311 | D:8      | Gained mutation: You are partially covered in rugged brown scales (AC +1, +3% HP). [mutagenic meat]
  8312 | D:8      | Gained mutation: You can breathe flames. [mutagenic meat]
  8313 | D:8      | Gained mutation: You are partially covered in rough black scales (AC +4, Dex -1). [mutagenic meat]
  8362 | D:8      | Noticed Erica
  8374 | D:8      | Killed Erica
  8374 | D:8      | Reached skill level 5 in Armour
  8374 | D:8      | Reached XP level 10. HP: 68/84 MP: 9/9
  8573 | D:8      | Reached skill level 16 in Polearms
  8625 | D:8      | Noticed Erolcha
  8626 | D:8      | Paralysed by Erolcha for 4 turns
  8639 | D:8      | Killed Erolcha
  8643 | D:8      | Noticed Maurice
  8668 | D:8      | Noticed Alipheese's ghost (experienced NaFi)
  8687 | D:8      | Killed Alipheese's ghost
  8693 | D:8      | Killed Maurice
  8876 | D:9      | Got a scorched trident
  8877 | D:9      | Identified the +4 trident of Zyjix {elec, rPois Str+2} (You found it on level 9 of the Dungeon)
  9159 | D:7      | Got a translucent ring mail
  9170 | D:7      | Identified the cursed +0 ring mail of Nobility {rElec rC+ rCorr Stlth-} (You found it on level 7 of the Dungeon)
  9367 | D:9      | Gained mutation: Your system is resistant to poisons. [mutagenic meat]
  9581 | D:9      | Reached skill level 17 in Polearms
  9581 | D:9      | Reached XP level 11. HP: 89/94 MP: 10/10
  9696 | D:10     | Entered Level 10 of the Dungeon
  9888 | D:10     | Noticed Psyche
  9890 | D:10     | Killed Psyche
  9909 | D:10     | Noticed a hill giant
  9921 | D:10     | Killed a hill giant
 10076 | D:10     | Received a gift from Trog
 10772 | D:11     | Found a staircase to the Lair.
 10841 | D:11     | Reached skill level 5 in Dodging
 10847 | D:11     | Gained mutation: You have sharp toenails. [potion of beneficial mutation]
 10932 | D:11     | Noticed Pikaro's ghost (powerful DrVM)
 10943 | D:11     | Killed Pikaro's ghost
 11487 | D:11     | Reached skill level 10 in Fighting
 11560 | Lair:1   | Entered Level 1 of the Lair of Beasts
 11652 | Lair:1   | Received a gift from Trog
 11665 | Lair:1   | Reached XP level 12. HP: 65/109 MP: 11/11
 11679 | Lair:1   | Reached skill level 10 in Armour
 12260 | Lair:1   | You fall through a shaft!
 12443 | Lair:2   | Found a frozen archway.
 12466 | IceCv    | Entered an ice cave
 12489 | IceCv    | Reached skill level 1 in Evocations
 13008 | IceCv    | Got a bone hand axe
 13019 | IceCv    | Identified the +3 hand axe of Ulirghix {flame, MR+ Dex+4} (You found it in an ice cave)
 13123 | Lair:2   | Noticed a five-headed hydra
 13130 | Lair:2   | Killed a five-headed hydra
 13275 | Lair:2   | Noticed a seven-headed hydra
 13280 | Lair:2   | Killed a seven-headed hydra
 14099 | Lair:3   | Received a gift from Trog
 14202 | Lair:3   | Found a hole to the Spider Nest.
 15043 | Lair:4   | Noticed Ajdolov's ghost (powerful OgBe)
 15057 | Lair:4   | HP: 6/115 [Ajdolov's ghost (25)]
 15057 | Lair:4   | Mangled by a porcupine

Vault maps used:
D:1:      minmay_arrival_diagonal_passages
D:2:      grunt_gozag_breadcrumbs, uniq_natasha
D:4:      old_standard_altar, minmay_temple_entry_statues_pillars, first_bread
D:5:      lemuel_crystal_altar, fedhas_altar_1
D:6:      slow_altar_1, gammafunk_temple_overflow_elements,
          kennysheep_small_circle, uniq_menkaure, uniq_blork_the_orc,
          uniq_eustachio
D:7:      lemuel_ratsnest, serial_shops, shop_fountains
D:8:      enter_ossuary_1, uniq_erolcha, uniq_maurice, uniq_erica
D:9:      blue_anna_alchemist
D:10:     uniq_psyche
D:11:     david_lair_generic
Lair:1:   serial_bayou_shore_a, grunt_megastairs_3
Lair:2:   portal_ice_cave_entry_ice_beasts, st_stairs_10
Lair:3:   spider_nest_entry_rubble, grunt_megastairs_4
Lair:4:   minmay_lair_oklob_items, basic_altar
Ossuary:  minmay_ossuary_two_tombs
IceCv:    ice_cave_tombish

Action                   |  1- 3 |  4- 6 |  7- 9 | 10-12 || total
-------------------------+-------+-------+-------+-------++-------
Melee: Spear             |    77 |   186 |       |       ||   263
       Halberd           |       |    24 |   411 |    75 ||   510
       Trident           |       |       |       |   629 ||   629
Invok: Berserk           |       |     2 |     3 |       ||     5
       Trog's Hand       |       |     1 |     3 |     5 ||     9
 Abil: Breathe Fire      |       |       |       |     2 ||     2
  Use: Potion            |       |     8 |     4 |     4 ||    16
       Scroll            |       |     2 |    14 |     9 ||    25
 Stab: Sleeping          |     2 |       |       |       ||     2
  Eat: Fruit             |       |     5 |     4 |     9 ||    18
       Chunk             |       |     6 |    18 |    16 ||    40
       Pizza             |       |     1 |     1 |       ||     2
       Beef jerky        |       |       |     2 |     1 ||     3
       Bread ration      |       |       |     1 |       ||     1
